 Dungeon Crawl Stone Soup version 0.24.1-14-gf8d2b509d9 (webtiles) character file.

Game seed: 11646037653200422716, levelgen mode: deterministic

15590 AarnesTheHuman the Distorting Demonspawn (level 12, 0/98 HPs)
             Began as a Demonspawn Abyssal Knight on Apr 28, 2020.
             Was a Believer of Lugonu.
             Killed from afar by a hell hound (3 damage)
             ... with a blast of flame
             ... led by Azrael
             ... while paralysed by a hornet
             ... on level 12 of the Dungeon on Sept 11, 2021.
             The game lasted 01:09:07 (20806 turns).

AarnesTheHuman the Distorting Demonspawn (DsAK)    Turns: 20806, Time: 01:09:08

Health: 0/98       AC: 16    Str: 17    XL:     12   Next: 2%
Magic:  30/30      EV:  2    Int: 14    God:    Lugonu [**....]
Gold:   477        SH:  0    Dex: 13    Spells: 11/11 levels left

rFire    + + +     SeeInvis .   B - +1 war axe of Baummoydgh {freeze, *Drain +Blink rF+++ MR+++}
rCold    + + .     Gourm    .   (no shield)
rNeg     . . .     Faith    .   q - +1 chain mail
rPois    .         Spirit   .   (no helmet)
rElec    .         Reflect  .   v - +0 cloak
rCorr    .         Harm     .   (no gloves)
MR       +++..                  f - +2 pair of boots
Stlth    ..........             u - amulet of the acrobat
HPRegen  0.26/turn              E - ring of protection from cold
MPRegen  0.22/turn              y - ring of magical power

@: paralysed, lethally poisoned (0 -> -4), slowed
A: talons 2, cold resistance 1, powered by pain 2
a: Depart the Abyss, Bend Space, Renounce Religion, Evoke Blink


You were on level 12 of the Dungeon.
You worshipped Lugonu.
Lugonu was pleased with you.
You were not hungry.

You visited 1 branch of the dungeon, and saw 13 of its levels.
You visited the Abyss 1 time.

You collected 687 gold pieces.
You spent 210 gold pieces at shops.

Inventory:

Hand Weapons
 n - a +4 hand axe
 o - a +1 dagger of venom
 w - a +1 broad axe of chopping
 B - the +1 war axe of Baummoydgh (weapon) {freeze, *Drain +Blink rF+++ MR+++}
   (You found it on level 8 of the Dungeon)

   It has been specially enchanted to freeze those struck by it, causing extra
   injury to most foes and up to half again as much damage against particularly
   susceptible opponents.
   It can also slow down cold-blooded creatures.
   It renders you almost immune to fire.
   It affects your resistance to hostile enchantments.
   It lets you blink.
   It causes draining when unequipped.
 D - the +4 whip of the Unseen Realm {freeze, rF- Dex+7, unknown}
   (You found it on level 8 of the Dungeon)

   It has been specially enchanted to freeze those struck by it, causing extra
   injury to most foes and up to half again as much damage against particularly
   susceptible opponents.
   It can also slow down cold-blooded creatures.
   It affects your dexterity (+7).
   It makes you vulnerable to fire.
Armour
 f - a +2 pair of boots (worn)
 q - a +1 chain mail (worn)
 v - a +0 cloak (worn)
Jewellery
 a - a +3 ring of intelligence
 j - an uncursed ring of wizardry
 u - an amulet of the acrobat (around neck)
 y - a ring of magical power (right hand)
 A - an uncursed ring of protection from fire
 E - a ring of protection from cold (left hand)
Wands
 e - a wand of flame (14)
 F - a wand of polymorph (5)
 H - a wand of paralysis (7)
 J - a wand of random effects (16)
Scrolls
 b - 3 scrolls of immolation
 d - 10 scrolls of remove curse
 i - 2 scrolls of teleportation
 l - 6 scrolls of identify
 p - a scroll of enchant armour
 r - 3 scrolls of amnesia
 x - 4 scrolls of enchant weapon
 G - a scroll of vulnerability {unknown}
 I - 5 scrolls of fear
Potions
 g - a potion of mutation
 k - 8 potions of curing
 m - 3 potions of might
 s - 3 potions of berserk rage
 t - a potion of agility
 z - 3 potions of invisibility
 C - 2 potions of brilliance
 K - 2 potions of haste
 L - a potion of ambrosia
Comestibles
 c - 17 rations


   Skills:
 + Level 10.4 Fighting
 + Level 10.0 Axes
 + Level 8.5 Armour
 - Level 0.8 Dodging
 + Level 12.7 Invocations


You had 11 spell levels left.
You didn't know any spells.
Your spell library contained the following spells:

 Spells                   Type           Power        Failure   Level  Hunger
 Corona                   Hex            #......      97%         1    ##.....
 Ignite Poison            Fire/Tmut/Pois #.......     100%        3    ####...
 Static Discharge         Conj/Air       #.......     100%        3    ####...
 Fireball                 Conj/Fire      #.........   100%        5    ######.
 Venom Bolt               Conj/Pois      #.........   100%        5    ######.
 Yara's Violent Unravell  Hex/Tmut       #.........   100%        5    ######.
 Bolt of Fire             Conj/Fire      #.........   100%        6    #######
 Ring of Flames           Chrm/Fire      #.........   100%        7    #######
 Ignition                 Fire           #.........   100%        8    #######


Dungeon Overview and Level Annotations

Branches:
Dungeon (13/15)            Temple (0/1) D:7            Lair (0/6) D:11
    Orc (0/2) D:12
 Vaults: D:13-14

Altars:
Cheibriados
Gozag
Kikubaaqudgha
Nemelex Xobeh
Okawaru
Qazlal
Ru
Sif Muna
Uskayaw
Wu Jian
Yredelemnul
Zin
The Shining One

Shops:
D:4 }   D:5 }   D:6 (   D:13 =

Annotations:
D:3 Grinder
D:9 1 runed translucent door
D:11 Frances
D:13 Azrael
Abyss:1 Erolcha, Harold


Innate Abilities, Weirdness & Mutations

You have razor-sharp toenails.
Your flesh is cold resistant. (rC+)
You sometimes gain power by taking damage.


Message History

The hell hound bites you but does no damage.
The hell hound bites you.
* * * LOW HITPOINT WARNING * * *
The hornet stings you.
* * * LOW HITPOINT WARNING * * *
You feel as though you will be slow longer.
The hell hound bites you but does no damage. x2
The hornet stings you.
* * * LOW HITPOINT WARNING * * *
You feel as though you will be slow longer.
You feel sick. The hell hound bites you.
* * * LOW HITPOINT WARNING * * *
The hell hound bites you.
* * * LOW HITPOINT WARNING * * *
The hornet stings you but does no damage.
The hell hound bites you!
* * * LOW HITPOINT WARNING * * *
The hell hound breathes flames at you. The blast of flame hits you. You resist.
You die...

...........#
#...# #..#
#....
...#####...#
#...# #..#
#.... ...#
#...# #...#
#..# #....
...# #...#
#...# #..#
#.... ...#
#...# #...#
#..# #....
...# #...#
#...# #..#
#.... ...#
#...# #...#
#..# #....
...# #...#
#h..# #..#
#.... ...#
#...# #y@.#
#..# #....
...# #...#
#.h†# #..#
#.... ...#
#...# #...#
#..# #....
...# #...#
#...# #..#
#.... ...#
#...# #...#
#..# #....
...# #...#
#...# #..#
#.... ...#
#...# #...#
#..# #....
...# #(..#
#^..# #..#
#.... ...#
#...# #...#
#..# #....


You could see a hornet and 2 hell hounds.

Vanquished Creatures
  A deep elf mage (D:12)
  A cyclops (D:12)
  2 centaur skeletons
  A gargoyle (D:11)
  A komodo dragon (D:11)
  5 trolls
  A meliai (D:8)
  3 hippogriffs
  3 wyverns
  10 yaks
  A vampire (D:12)
  2 basilisks
  A hungry ghost (D:12)
  A steam dragon (D:12)
  A warg (D:12)
  Menkaure (D:4)
  A hell hound (D:12)
  3 sky beasts
  A swamp drake (D:11)
  2 orc warriors
  An ice beast (D:10)
  A necrophage (D:5)
  2 phantoms
  4 ogres
  An eye of draining (D:9)
  5 centaurs
  2 crocodiles (D:11)
  A big kobold (D:11)
  A gnoll sergeant (D:12)
  5 bullfrogs
  Blork the orc (D:6)
  A scorpion (D:8)
  15 wights
  13 killer bees
  5 howler monkeys
  10 crimson imps
  3 hounds
  7 jellies
  6 orc priests
  10 orc wizards
  2 bullfrog skeletons
  Jessica (D:5)
  5 iguanas
  12 worker ants
  Terence (D:3)
  3 hound skeletons
  A howler monkey zombie (D:8)
  9 gnolls
  10 adders
  4 shadow imps
  An ooze (D:2)
  2 adder zombies
  An adder skeleton (D:4)
  2 worms
  2 dart slugs
  6 leopard geckos
  30 orcs
  6 bats
  3 bat zombies (D:2)
  4 giant cockroaches
  6 goblins
  7 hobgoblins
  8 jackals
  6 kobolds
  2 quokkas
  2 ball pythons
  8 frilled lizards
  A leopard gecko skeleton (D:8)
  4 rats
  2 rat zombies (D:2)
287 creatures vanquished.

Vanquished Creatures (others)
  A hydra (D:9)
  A centaur warrior (D:9)
  4 two-headed ogres
  A cyclops (D:10)
  A gargoyle (D:9)
  A hippogriff (D:7)
  A vampire (D:11)
  An orc warrior (D:9)
  An orc wizard (D:11)
12 creatures vanquished.

Grand Total: 299 creatures vanquished

Notes
Turn   | Place    | Note
-------+----------+-------------------------------------------
     0 | Abyss:1  | AarnesTheHuman the Demonspawn Abyssal Knight began the
                  | quest for the Orb.
     0 | Abyss:1  | Reached XP level 1. HP: 18/18 MP: 2/2
   120 | D:1      | Escaped the Abyss
   308 | D:1      | Gained mutation: You sometimes gain a little power by
                  | taking damage. [demonic ancestry]
   308 | D:1      | Reached XP level 2. HP: 19/24 MP: 3/3
   649 | D:1      | Reached ** piety under Lugonu
  1153 | D:2      | Reached XP level 3. HP: 18/29 MP: 5/5
  1344 | D:2      | Reached skill level 3 in Invocations
  2059 | D:2      | Gained mutation: You sometimes gain power by taking damage.
                  | [demonic ancestry]
  2059 | D:2      | Reached XP level 4. HP: 29/37 MP: 6/6
  2641 | D:2      | Found an opulent altar of Gozag.
  2684 | D:2      | Found an ancient bone altar of Kikubaaqudgha.
  2878 | D:3      | Found a hide-covered altar of Uskayaw.
  2882 | D:3      | Noticed Terence
  2900 | D:3      | Killed Terence
  3029 | D:3      | Reached XP level 5. HP: 42/42 MP: 7/7
  3047 | D:3      | Found a shimmering blue altar of Sif Muna.
  3078 | D:3      | Found a sacrificial altar of Ru.
  3099 | D:3      | Noticed Grinder
  3118 | D:3      | Paralysed by Grinder for 3 turns
  3366 | D:4      | Found a stormy altar of Qazlal.
  4188 | D:4      | Reached skill level 4 in Invocations
  4188 | D:4      | Reached XP level 6. HP: 42/49 MP: 7/9
  4744 | D:4      | Reached skill level 5 in Fighting
  4795 | D:4      | Noticed Menkaure
  4799 | D:4      | Killed Menkaure
  4924 | D:4      | Found Valap's Gadget Shoppe.
  4957 | D:4      | Reached XP level 7. HP: 56/56 MP: 10/10
  5174 | D:5      | Entered Level 5 of the Dungeon
  5218 | D:5      | Reached *** piety under Lugonu
  5243 | D:5      | Reached skill level 5 in Invocations
  5644 | D:5      | Noticed a two-headed ogre
  5845 | D:5      | Banished a two-headed ogre
  5845 | D:5      | Reached skill level 5 in Axes
  5845 | D:5      | Reached XP level 8. HP: 62/62 MP: 10/12
  6183 | D:5      | Found Giderif's Gadget Emporium.
  6274 | D:5      | Found a sparkling altar of Nemelex Xobeh.
  6274 | D:5      | Noticed Jessica
  6278 | D:5      | Killed Jessica
  6450 | D:5      | Found a basalt altar of Yredelemnul.
  6795 | D:5      | Found a glowing golden altar of the Shining One.
  6859 | D:5      | Noticed an angel
  6989 | D:6      | Noticed Blork the orc
  7102 | D:6      | Killed Blork the orc
  7222 | D:6      | Found Ereorgh Gehu's Antique Weapon Shop.
  7228 | D:6      | Bought a runed broad axe for 210 gold pieces
  7319 | D:6      | Reached skill level 6 in Invocations
  7343 | D:6      | Found a snail-covered altar of Cheibriados.
  8116 | D:6      | Found a glowing silver altar of Zin.
  8364 | D:7      | Noticed a hippogriff
  8365 | D:7      | Banished a hippogriff
  8491 | D:7      | Reached XP level 9. HP: 72/72 MP: 12/14
  8643 | D:7      | Found a staircase to the Ecumenical Temple.
  8919 | D:8      | Reached skill level 7 in Invocations
  9124 | D:7      | Reached skill level 5 in Armour
  9826 | D:8      | Noticed a two-headed ogre
  9827 | D:8      | Banished a two-headed ogre
 10136 | D:8      | Got a fine war axe
 10177 | D:8      | Identified the cursed +1 war axe of Baummoydgh {freeze,
                  | *Drain +Blink rF+++ MR+++} (You found it on level 8 of the
                  | Dungeon)
 10215 | D:8      | Reached skill level 8 in Invocations
 10230 | D:8      | Got a faintly glowing whip
 10412 | D:9      | Noticed a gargoyle
 10414 | D:9      | Banished a gargoyle
 10432 | D:9      | Noticed a two-headed ogre
 10432 | D:9      | Noticed a centaur warrior
 10436 | D:9      | Banished a two-headed ogre
 10437 | D:9      | Banished a centaur warrior
 10437 | D:9      | Gained mutation: You have sharp toenails. [demonic
                  | ancestry]
 10437 | D:9      | Reached XP level 10. HP: 49/80 MP: 16/16
 10881 | D:9      | Found an iron altar of Okawaru.
 10930 | D:9      | Found an ornate altar of the Wu Jian Council.
 11041 | D:9      | Noticed a six-headed hydra
 11054 | D:8      | Reached skill level 9 in Invocations
 11442 | D:9      | Banished a six-headed hydra
 11443 | D:9      | Found a runed translucent door.
 11452 | D:9      | Found a runed translucent door.
 11657 | D:9      | Identified the Papyrus of Hurtful Curses
 11837 | D:10     | Entered Level 10 of the Dungeon
 11971 | D:10     | Noticed Erolcha
 11999 | D:10     | Banished Erolcha
 11999 | D:10     | Reached skill level 10 in Invocations
 12472 | D:10     | Noticed Harold
 12473 | D:10     | Banished Harold
 12488 | D:10     | Noticed a cyclops
 12490 | D:10     | Banished a cyclops
 13079 | D:9      | Gained mutation: Your flesh is cold resistant. (rC+)
                  | [demonic ancestry]
 13079 | D:9      | Reached XP level 11. HP: 46/87 MP: 19/19
 13658 | D:11     | Reached skill level 11 in Invocations
 13909 | D:10     | Reached **** piety under Lugonu
 14369 | D:10     | HP: 4/89 [poisoned by a killer bee]
 14374 | D:10     | HP: 3/89 [poisoned by a killer bee]
 14381 | D:10     | HP: 3/89 [poisoned by a killer bee]
 14389 | D:10     | HP: 3/89 [poisoned by a killer bee]
 15645 | D:11     | Reached skill level 10 in Axes
 17828 | D:11     | Reached skill level 12 in Invocations
 17844 | D:11     | Found a staircase to the Lair.
 18180 | D:12     | Reached skill level 10 in Fighting
 18319 | D:12     | Noticed a deep elf mage
 18320 | D:12     | Noticed Frances
 18791 | D:12     | Noticed a two-headed ogre
 18793 | D:12     | Banished a two-headed ogre
 18907 | D:12     | Found a staircase to the Orcish Mines.
 18942 | D:12     | Noticed a soul eater
 19351 | D:12     | Noticed a sixfirhy
 19355 | D:12     | Noticed a soul eater
 19633 | D:11     | Noticed a sixfirhy
 19633 | D:11     | Noticed a soul eater
 19868 | D:11     | Noticed a sixfirhy
 19871 | D:11     | Noticed a sun demon
 20122 | D:12     | Killed a deep elf mage
 20186 | D:12     | Gained mutation: You have razor-sharp toenails. [demonic
                  | ancestry]
 20186 | D:12     | Reached XP level 12. HP: 25/98 MP: 21/21
 20695 | D:12     | Upgraded the game from 0.24.1-8-ga250c9d538 to
                  | 0.24.1-14-gf8d2b509d9
 20734 | D:13     | Found Fit Atue's Jewellery Boutique.
 20766 | D:13     | Noticed a five-headed hydra
 20768 | D:13     | Noticed Azrael
 20805 | D:12     | Paralysed by a hornet for 3 turns
 20806 | D:12     | HP: 3/98 [hell hound[Azrael] (7)]
 20806 | D:12     | Killed from afar by a hell hound

Levels and vault maps discovered:
D:1:      scummos_arrival_checkerplants, layout_basic
D:2:      layout_basic, lemuel_zombie_altar_kikubaaqudgha, marbit_many_paths,
          minmay_pentomino_z4
D:3:      layout_rooms, led_sif_pool, lemuel_doored_altar,
          nicolae_ru_sacrificial_ziggurat, uniq_terence, uniq_grinder
D:4:      layout_cave_pods, serial_shops, shop, first_ration,
          grunt_qazlal_clouds, uniq_menkaure
D:5:      layout_loops_cross, grunt_temple_overflow_holy_war, serial_shops,
          nicolae_shop_stone, nemelex_lonely_heart_becter
D:6:      layout_basic, nicolae_overflow_hidden_temple, zin_statuary,
          serial_shops, nicolae_shop_overgrown_old_shop, uniq_blork_the_orc
D:7:      layout_basic, temple_statues
D:8:      layout_cave_pools
D:9:      minmay_the_grid_four_pointed_star_mashed
          [minmay_the_grid_triangle_9x9_intruding_spiral,
          minmay_the_grid_triangle_9x9_zippers_horizontal,
          minmay_the_grid_triangle_9x9_tough_junction,
          minmay_the_grid_triangle_9x9_descending_squares,
          minmay_the_grid_prize_shrinking_boxes], layout_basic,
          okawaru_metal_pillars_1_2, nicolae_overflow_crystal_walls,
          dk_noncrumbling_3
D:10:     layout_basic, uniq_erolcha, uniq_harold
D:11:     layout_rooms, erik_lair_dragon, blue_anna_alchemist
          [blue_anna_fruit_fields, blue_anna_fruit_fields]
D:12:     layout_long_grid, minmay_orc_entry_guard_dogs, uniq_frances
D:13:     layout_small_grid, ximxim_vaults_locker_room, serial_shops, shop,
          shop, shop_statue, nicolae_shop_stone, special_room
          [special_room_bee], uniq_azrael

Skill      XL: |  1  2  3  4  5  6  7  8  9 10 11 |
---------------+----------------------------------+-----
Axes           | 2 3 4 5 6 8 9 10 | 10.0
Armour         | 2 3 4 5 6 8 |  8.5
Invocations    | 3 4 5 6 8 10 12 | 12.7
Fighting       | 4 5 6 7 8 10 | 10.4
Dodging        | |  0.8

Action                   |  1- 3 |  4- 6 |  7- 9 | 10-12 || total
-------------------------+-------+-------+-------+-------++-------
Melee: Hand axe          |   143 |   190 |   413 |       ||   746
       Dagger            |       |    10 |       |       ||    10
       Broad axe         |       |       |    12 |       ||    12
       War axe           |       |       |    34 |   645 ||   679
Invok: Banish            |       |       |     6 |    20 ||    26
Evoke: Wand              |       |     3 |       |       ||     3
  Use: Scroll            |       |    10 |     4 |    10 ||    24
       Potion            |       |     1 |     1 |     2 ||     4
 Stab: Sleeping          |       |     1 |       |       ||     1
  Eat: Chunk             |     4 |     7 |    11 |    26 ||    48
       Ration            |       |     1 |     2 |     6 ||     9
Armor: Leather armour    |    32 |    19 |       |       ||    51
       Chain mail        |       |   109 |   273 |   485 ||   867
Dodge: Dodged            |    88 |    84 |   197 |   368 ||   737
